 Dungeon Crawl Stone Soup version 0.21.1-1-g345015f (webtiles) character file.

1903 Fang the Cleaver (level 9, -3/57 HPs)
             Began as a Gargoyle Berserker on June 15, 2018.
             Was a Priest of Trog.
             Slain by a bullfrog (7 damage)
             ... on level 7 of the Dungeon.
             The game lasted 00:05:33 (6695 turns).

Fang the Cleaver (Gargoyle Berserker)               Turns: 6695, Time: 00:05:34

Health: -3/57      AC:  8    Str: 24    XL:     9   Next: 15%
Magic:  9/9        EV: 13    Int:  8    God:    Trog [***...]
Gold:   327        SH:  0    Dex:  9    Spells: 8/8 levels left

rFire    x . .     SeeInvis .   a - +0 hand axe
rCold    + . .     Gourm    .   (no shield)
rNeg     + . .     Faith    .   b - +0 animal skin
rPois    ∞         Spirit   .   (no helmet)
rElec    +         Reflect  .   (no cloak)
rCorr    .         Harm     .   (no gloves)
MR       .....                  (no boots)
Stlth    ++........             (no amulet)
HPRegen  0.19/turn              o - ring of ice
MPRegen  0.11/turn              (no ring)

@: berserk cooldown, slowed, very slow
A: negative energy resistance 1, electricity resistance, unbreathing,
petrification resistance, rot immunity, AC +6
a: Berserk, Trog's Hand, Burn Spellbooks, Renounce Religion


You were on level 7 of the Dungeon.
You worshipped Trog.
Trog was most pleased with you.
You were not hungry.

You visited 2 branches of the dungeon, and saw 8 of its levels.

You collected 327 gold pieces.

Inventory:

Hand Weapons
 a - a +0 hand axe (weapon)
Missiles
 x - 7 poisoned tomahawks (quivered)
Armour
 b - a +0 animal skin (worn)
Jewellery
 o - a ring of ice (left hand)
Wands
 v - a wand of polymorph (8)
 w - a wand of digging (14)
Scrolls
 d - 2 scrolls of enchant armour {unknown}
 g - 6 scrolls of remove curse {unknown}
 h - 8 scrolls of identify {unknown}
 j - a scroll of magic mapping {unknown}
 m - 2 scrolls of amnesia {unknown}
 n - a scroll of fear {unknown}
 p - a scroll of immolation {unknown}
 s - 5 scrolls of teleportation {unknown}
 u - a scroll of noise {unknown}
Potions
 e - 3 potions of heal wounds {unknown}
 f - 2 potions of might {unknown}
 i - a potion of lignification {unknown}
 k - a potion of resistance {unknown}
 l - a potion of mutation {unknown}
 q - a potion of degeneration {unknown}
 r - 3 potions of curing {unknown}
 t - a potion of haste {unknown}
Comestibles
 c - 6 rations


   Skills:
 + Level 7.0 Fighting
 + Level 8.1 Axes
 + Level 2.3 Armour
 + Level 4.5 Dodging
 + Level 2.9 Stealth


You had 8 spell levels left.
You didn't know any spells.

Dungeon Overview and Level Annotations

Branches:
Dungeon (7/15)             Temple (1/1) D:4

Altars:
Ashenzari
Dithmenos
Fedhas
Gozag
Hepliaklqana
Kikubaaqudgha
Makhleb
Nemelex Xobeh
Okawaru
Qazlal
Ru
Sif Muna
Trog
Uskayaw
Vehumet
Wu Jian
Xom
Yredelemnul
Zin
The Shining One


Innate Abilities, Weirdness & Mutations

You are resistant to torment.
Your stone body is resilient. (AC +6)
You are immune to poison.
You resist negative energy. (rN+)
You are resistant to electric shocks. (rElec)
You can survive without breathing.
You are immune to petrification.
You are immune to rotting.


Message History

The bullfrog hits you but does no damage.
You completely miss the bullfrog.
The bullfrog is heavily wounded.
The bullfrog barely misses you. The bullfrog closely misses you.
You closely miss the bullfrog.
The bullfrog is heavily wounded.
The bullfrog hits you.
* * * LOW HITPOINT WARNING * * *
The bullfrog closely misses you.
You barely miss the bullfrog.
The bullfrog is heavily wounded.
The bullfrog hits you but does no damage. x2
You hit the bullfrog.
The bullfrog is severely wounded.
The bullfrog hits you but does no damage.
The bullfrog misses you.
You closely miss the bullfrog.
The bullfrog is severely wounded.
The bullfrog barely misses you. The bullfrog hits you!
You die...

#...... .# ......#.
....... ##.....# ...
#?.....# # ..
#...#..#.# ..
#..†.....#. .
#.#@F...... ########
#.#.#.#.##.##
#......#
#.#.#......#
#......#
#.......####
#......#######.##..#
+......'....##.# ..#
#......####.##.# #.#
'######## #.##.# ).
.#≈≈≈≈≈≈# #.##.# ...


You could see a bullfrog.

Vanquished Creatures
  Sigmund (D:6)
  A hungry ghost (D:7)
  Edmund (D:4)
  2 sky beasts
  2 ogres
  A big kobold (D:7)
  A bullfrog (D:6)
  5 killer bees (D:7)
  2 crimson imps (D:5)
  2 howler monkeys
  A gnoll shaman (D:4)
  A hound (D:4)
  6 orc priests
  3 orc wizards
  An iguana (D:5)
  A centaur skeleton (D:7)
  A worker ant (D:4)
  5 gnolls (D:4)
  9 adders
  An ooze (D:2)
  A worm (D:3)
  3 leopard geckos (D:3)
  22 orcs
  3 giant cockroaches
  4 goblins
  4 hobgoblins
  2 jackals (D:5)
  13 kobolds
  3 quokkas
  A ball python (D:1)
  9 bats
  3 frilled lizards
  A quokka skeleton (D:4)
  11 rats
127 creatures vanquished.

Notes
Turn   | Place    | Note
-------+----------+-------------------------------------------
     0 | D:1      | Fang the Gargoyle Berserker began the quest for the Orb.
     0 | D:1      | Reached XP level 1. HP: 14/14 MP: 1/1
   124 | D:1      | Reached XP level 2. HP: 13/19 MP: 2/2
   327 | D:1      | Reached skill level 3 in Axes
   560 | D:2      | Reached ** piety under Trog
   567 | D:2      | Reached XP level 3. HP: 17/24 MP: 3/3
  1022 | D:2      | Reached XP level 4. HP: 21/29 MP: 4/4
  1173 | D:3      | Found a blossoming altar of Fedhas.
  1904 | D:3      | Found an opulent altar of Gozag.
  1929 | D:3      | Reached skill level 1 in Stealth
  1929 | D:3      | Reached XP level 5. HP: 21/34 MP: 5/5
  2133 | D:3      | Found a shimmering altar of Xom.
  2317 | D:4      | Found an iron altar of Okawaru.
  2409 | D:4      | Noticed Edmund
  2412 | D:4      | Noticed an ogre
  2420 | D:4      | Killed an ogre
  2420 | D:4      | Reached skill level 4 in Axes
  2420 | D:4      | Reached XP level 6. HP: 40/40 MP: 6/6
  2425 | D:4      | Killed Edmund
  2425 | D:4      | Reached skill level 5 in Fighting
  2428 | D:4      | Reached *** piety under Trog
  2553 | D:4      | Reached skill level 5 in Axes
  2579 | D:4      | Reached XP level 7. HP: 22/44 MP: 7/7
  2787 | D:4      | Found a staircase to the Ecumenical Temple.
  3390 | Temple   | Entered the Ecumenical Temple
  3547 | D:5      | Entered Level 5 of the Dungeon
  4466 | D:5      | Reached skill level 6 in Axes
  4930 | D:5      | Received a gift from Trog
  5106 | D:6      | Found a glowing golden altar of the Shining One.
  5145 | D:6      | Reached XP level 8. HP: 44/51 MP: 8/8
  5328 | D:6      | Noticed Sigmund
  5337 | D:6      | Killed Sigmund
  5657 | D:6      | Reached skill level 7 in Axes
  5864 | D:6      | Found a sparkling altar of Nemelex Xobeh.
  6083 | D:6      | Found an ancient bone altar of Kikubaaqudgha.
  6279 | D:7      | Paralysed by fainting for 12 turns
  6321 | D:7      | Paralysed by fainting for 10 turns
  6556 | D:7      | Reached XP level 9. HP: 56/56 MP: 9/9
  6673 | D:7      | Reached skill level 8 in Axes
  6695 | D:7      | Slain by a bullfrog

Skill      XL: |  1  2  3  4  5  6  7  8  9 |
---------------+----------------------------+-----
Axes           | 3 4 5 6 7 8 |  8.1
Fighting       | 4 5 6 7 |  7.0
Dodging        | 2 3 4 |  4.5
Stealth        | 1 2 |  2.9
Armour         | |  2.3

Action                   |  1- 3 |  4- 6 |  7- 9 || total
-------------------------+-------+-------+-------++-------
Melee: Hand axe          |   112 |   146 |   320 ||   578
Invok: Berserk           |       |     2 |     8 ||    10
 Stab: Sleeping          |       |     1 |     2 ||     3
  Eat: Chunk             |       |     8 |    12 ||    20
       Ration            |       |       |     4 ||     4
Armor: Animal skin       |    45 |    53 |   112 ||   210
Dodge: Dodged            |    94 |   103 |   184 ||   381
